WCHLSIM.com - West Coast Hockey League
html PUBLIC "-//W3C//DTD XHTML 1.0 Transitional//EN" "http://www.w3.org/TR/xhtml1/DTD/xhtml1-transitional.dtd"> WCHL - Game 291 - KANSAS CITY KILLERBEES vs LOS ANGELES SEALS

KANSAS CITY KILLERBEES vs LOS ANGELES SEALS

Created - 24 novembre 2023 at 00:15

Goals
1 2 3 T
KANSAS CITY KILLERBEES 0 0 2 2
LOS ANGELES SEALS 5 2 2 9
Shots
1 2 3 T
KANSAS CITY KILLERBEES 6 2 3 11
LOS ANGELES SEALS 18 19 19 56

1st period

1. LOS ANGELES SEALS , Nikita Kucherov 11 (Drew Doughty 7) at 1:29
2. LOS ANGELES SEALS , Claude Giroux 9 (Drew Doughty 8, Nikita Kucherov 15) at 2:36
3. LOS ANGELES SEALS , Noah Dobson 2 (Claude Giroux 14, Nikita Kucherov 16) at 6:55 (PP)
4. LOS ANGELES SEALS , Claude Giroux 10 (Nikita Kucherov 17, Owen Tippett 5) at 17:12 (PP)
5. LOS ANGELES SEALS , Matthew Boldy 7 (Ben Chiarot 3, Noah Dobson 4) at 19:49

Penalties :
Daniel Walcott (KCK) for Slashing (Minor) at 6:47, Brandon Carlo (LOS) for Tripping (Minor) at 6:58, Matthew Boldy (LOS) for Interference (Minor) at 11:55, Will Butcher (KCK) for Hooking (Minor) at 11:55, MacKenzie Entwistle (KCK) for Hooking (Minor) at 15:40

2nd period

6. LOS ANGELES SEALS , David Krejci 3 (Gustav Forsling 6, Claude Giroux 15) at 0:42
7. LOS ANGELES SEALS , Claude Giroux 11 (Nikita Kucherov 18, David Krejci 19) at 3:39

Penalties :
Philip Tomasino (LOS) for High sticking (Minor) at 1:16, Drew Doughty (LOS) for Roughing (Double Minor) at 9:20, Jacob Muzzin (KCK) for Slashing (Minor) at 13:55

3rd period

8. KANSAS CITY KILLERBEES , Philipp Kurashev 4 (James van Riemsdyk 4, Daniel Walcott 1) at 6:54
9. KANSAS CITY KILLERBEES , MacKenzie Entwistle 1 (James van Riemsdyk 5, Philipp Kurashev 10) at 8:19
10. LOS ANGELES SEALS , Philip Tomasino 1 (Gustav Forsling 7, Drew Doughty 9) at 9:32
11. LOS ANGELES SEALS , Mikael Backlund 5 (Matthew Boldy 6, Noah Dobson 5) at 10:00

Penalties :
Owen Tippett (LOS) for Slashing (Minor) at 1:50, Alexis Lafreniere (KCK) for Hooking (Minor) at 13:20, Mattias Ekholm (KCK) for Tripping (Minor) at 16:06

Goalie Stats

Cal Petersen (KCK), 27 saves from 32 shots - (0,844), L, 0-3-2, 27:40 minutes
Ilya Samsonov (KCK), 20 saves from 24 shots - (0,833), 32:20 minutes
Carter Hart (LOS), 9 saves from 11 shots - (0,818), W, 12-7-0, 60:00 minutes

Players Stats for KANSAS CITY KILLERBEES

Player Name              G  A  P  +/- PIM S  H  SB GA TA FO     MP     PP MP  PK MP  
------------------------------------------------------------------------------------
Alexis Lafreniere        0  0  0  -1  2   0  0  2  0  0  3/8    18:52   4:00   3:31 
Anders Bjork             0  0  0  -1  0   0  0  0  0  0  0/0     8:36   1:28   0:00 
Daniel Walcott           0  1  1  -2  2   0  4  2  0  0  0/0    23:13   5:56   2:19 
Jacob Muzzin             0  0  0  -2  2   0  0  1  0  0  0/0    19:31   3:17   2:50 
Jakub Voracek            0  0  0   0  0   0  0  0  0  0  2/9    18:15   5:14   0:00 
James van Riemsdyk       0  2  2  -3  0   3  0  0  0  0  2/6    16:49   3:14   2:39 
Jaret Anderson-Dolan     0  0  0  -1  0   1  0  0  0  0  1/9     9:03   1:28   0:27 
MacKenzie Entwistle      1  0  1  -3  2   1  2  1  0  0  4/13   10:41   0:00   0:00 
Mattias Ekholm           0  0  0  -2  2   1  1  4  0  0  0/0    23:38   5:56   2:28 
Morgan Barron            0  0  0   0  0   0  0  1  0  0  2/15   16:09   4:02   0:00 
Nicholas Paul            0  0  0  -1  0   2  1  1  0  0  0/1    18:38   5:14   2:39 
Nicolas Aube-Kubel       0  0  0  -1  0   0  0  0  0  0  0/0     7:36   0:28   0:00 
Philipp Kurashev         1  1  2  -3  0   1  0  2  0  0  3/5    22:05   4:40   4:58 
Sean Walker              0  0  0  -2  0   0  0  0  0  0  0/0    21:40   2:58   4:03 
Ty Emberson              0  0  0  -1  0   0  2  0  0  0  0/0    15:10   1:02   0:00 
Tyler Johnson            0  0  0  -1  0   2  0  1  0  0  5/15   10:31   0:00   0:00 
Will Butcher             0  0  0  -1  2   0  2  3  0  0  0/0    16:44   0:43   3:34 
Zach Aston-Reese         0  0  0   0  0   0  1  1  0  0  0/2    13:07   0:00   1:00 

Players Stats for LOS ANGELES SEALS

Player Name              G  A  P  +/- PIM S  H  SB GA TA FO     MP     PP MP  PK MP  
------------------------------------------------------------------------------------
Alex Goligoski           0  0  0   0  0   0  0  0  0  0  0/0    14:17   0:00   3:00 
Ben Chiarot              0  1  1   1  0   0  2  0  0  0  0/0    18:43   0:00   4:56 
Brandon Carlo            0  0  0   1  2   2  1  0  0  0  0/0    15:42   0:00   3:40 
Claude Giroux            3  2  5   4  0   11 1  0  0  0  5/6    20:34   4:10   0:00 
David Krejci             1  1  2   4  0   3  2  0  0  0  20/28  19:08   3:27   0:00 
Drew Doughty             0  3  3   3  4   5  0  0  0  0  0/0    23:55   4:26   2:53 
Gustav Forsling          0  2  2   4  0   1  1  0  0  0  0/0    25:20   3:11   4:46 
Jake Evans               0  0  0   0  0   0  1  0  0  0  2/2     9:48   0:00   4:34 
Jonathan Audy-Marchessau 0  0  0   2  0   5  0  0  0  0  0/1    14:57   3:27   0:00 
Mason McTavish           0  0  0   0  0   1  0  0  0  0  3/3     5:14   0:00   0:00 
Matthew Boldy            1  1  2   2  2   3  1  0  0  0  0/1    15:39   4:10   0:00 
Mikael Backlund          1  0  1   2  0   8  0  0  0  0  23/26  20:57   3:27   5:22 
Nick Bonino              0  0  0  -1  0   4  0  1  0  0  2/2    14:03   0:00   5:22 
Nikita Kucherov          1  4  5   4  0   6  0  0  0  0  2/4    20:34   4:10   0:00 
Noah Cates               0  0  0   0  0   1  1  0  0  0  0/0     9:48   0:00   4:34 
Noah Dobson              1  2  3   1  0   1  0  0  0  0  0/0    18:50   4:26   0:37 
Owen Tippett             0  1  1  -1  2   4  0  0  0  0  0/1    11:51   3:11   0:00 
Philip Tomasino          1  0  1  -1  2   1  0  0  0  0  4/9     8:40   0:00   0:00 

3 Stars

1 - Claude Giroux (LOS)
2 - Nikita Kucherov (LOS)
3 - David Krejci (LOS)

Power Play

KANSAS CITY KILLERBEES - 0 on 5 Attempt(s) - 0,00%
LOS ANGELES SEALS - 2 on 5 Attempt(s) - 40,00%

Penalty Kill

KANSAS CITY KILLERBEES - 3 on 5 Attempt(s) - 60,00% - Score 0 goal in Penalty Kill
LOS ANGELES SEALS - 5 on 5 Attempt(s) - 100,00% - Score 0 goal in Penalty Kill

Team Stat

KANSAS CITY KILLERBEES - Hits : 13 - Faceoff Wins : 22 - Blocked Shots : 19 - Penalty Minutes : 12
LOS ANGELES SEALS - Hits : 10 - Faceoff Wins : 61 - Blocked Shots : 1 - Penalty Minutes : 12

Official

Referees : Dan Kelly and Jon McIsaac
Linesman : Jim Harper and Ryan Gibbons

Game Notes

Ilya Samsonov enters game at 17:12 of 1st period
Claude Giroux has scored a Hat Trick!
Cal Petersen enters game at 9:32 of 3rd period

Finance

Level 1 -- Attendance: 6000 (100,00%) -- Ticket Income 900 000 $
Level 2 -- Attendance: 5000 (100,00%) -- Ticket Income 495 000 $
Level 3 -- Attendance: 2000 (100,00%) -- Ticket Income 168 000 $
Level 4 -- Attendance: 3190 (79,75%) -- Ticket Income 255 200 $
Luxury Box -- Attendance: 1000 (100,00%) -- Ticket Income 300 000 $
Total Attendance: 17190 (95,50%)
Total Ticket Income: 2 118 200 $
Other Expense: 21 182 $
Total Income: 2 097 018 $

KANSAS CITY KILLERBEES

5 vs 5 Forward 
   Center                   Left Wing                Right Wing               Time % Phy DF OF 
 1 MacKenzie Entwistle      James van Riemsdyk       Philipp Kurashev         32     1   2  2  
 2 Tyler Johnson            Nicholas Paul            Alexis Lafreniere        31     1   2  2  
 3 Morgan Barron            Zach Aston-Reese         Jakub Voracek            27     1   2  2  
 4 Jaret Anderson-Dolan     Anders Bjork             Nicolas Aube-Kubel       10     1   2  2  

5 vs 5 Defense 
   Defense                  Defense                                           Time % Phy DF OF 
 1 Mattias Ekholm           Will Butcher                                      36     1   2  2  
 2 Sean Walker              Jacob Muzzin                                      34     1   2  2  
 3 Ty Emberson              Daniel Walcott                                    22     1   2  2  
 4 Mattias Ekholm           Sean Walker                                       8      1   2  2  

PowerPlay Forward 
   Center                   Left Wing                Right Wing               Time % Phy DF OF 
 1 Morgan Barron            James van Riemsdyk       Alexis Lafreniere        55     1   2  2  
 2 Jakub Voracek            Nicholas Paul            Philipp Kurashev         45     1   2  2  

PowerPlay Defense
   Defense                  Defense                                           Time % Phy DF OF 
 1 Mattias Ekholm           Daniel Walcott                                    55     1   2  2  
 2 Sean Walker              Jacob Muzzin                                      45     1   2  2  

Penalty Kill 4 Players Forward 
   Center                   Wing                     Time % Phy DF OF 
 1 Alexis Lafreniere        Philipp Kurashev         55     1   2  2  
 2 James van Riemsdyk       Nicholas Paul            45     1   2  2  

Penalty Kill 4 Players Defense
   Defense                  Defense                  Time % Phy DF OF 
 1 Mattias Ekholm           Will Butcher             55     1   2  2  
 2 Sean Walker              Jacob Muzzin             45     1   2  2  

Penalty Kill - 3 Players Forward 
   Forward                                           Time % Phy DF OF 
 1 Nicholas Paul                                     55     1   2  2  
 2 James van Riemsdyk                                45     1   2  2  

Penalty Kill - 3 Players Defense
   Defense                  Defense                  Time % Phy DF OF 
 1 Mattias Ekholm           Daniel Walcott           55     1   2  2  
 2 Sean Walker              Jacob Muzzin             45     1   2  2  

4 vs 4 Forward 
   Center                   Wing                     Time % Phy DF OF 
 1 Jakub Voracek            Philipp Kurashev         55     1   2  2  
 2 James van Riemsdyk       Nicholas Paul            45     1   2  2  

4 vs 4 Defense
   Defense                  Defense                  Time % Phy DF OF 
 1 Mattias Ekholm           Will Butcher             55     1   2  2  
 2 Sean Walker              Jacob Muzzin             45     1   2  2  

Last Minutes Offensive
   Center                   Left Wing                Right Wing               Defense                  Defense                  
   MacKenzie Entwistle      James van Riemsdyk       Nicholas Paul            Alexis Lafreniere        Will Butcher             

Last Minutes Defensive
   Center                   Left Wing                Right Wing               Defense                  Defense                  
   MacKenzie Entwistle      James van Riemsdyk       Philipp Kurashev         Mattias Ekholm           Will Butcher             

Goaltenders
Starting : Cal Petersen             
Backup : Ilya Samsonov            

Extra Forwards
Normal : Jakub Voracek, Morgan Barron, Zach Aston-Reese - PP : Jakub Voracek, Morgan Barron - PK : Zach Aston-Reese
Extra Defensemen
Normal : Mattias Ekholm, Daniel Walcott, Sean Walker - PP : Sean Walker - PK : Daniel Walcott, Sean Walker
Penalty Shots
Jakub Voracek, Alexis Lafreniere, James van Riemsdyk, Nicholas Paul, Philipp Kurashev
Custom OT Lines Forwards
MacKenzie Entwistle, Daniel Walcott, James van Riemsdyk, Nicholas Paul, Philipp Kurashev, Alexis Lafreniere, Jakub Voracek, Morgan Barron, Zach Aston-Reese, Jaret Anderson-Dolan
Custom OT Lines Defensemen
Mattias Ekholm, Daniel Walcott, Sean Walker, Jacob Muzzin, Will Butcher

Scratches
K'Andre Miller (Head Injury), Boone Jenner (Healthy), Riley Stillman (Sports Hernia Injury)

LOS ANGELES SEALS

5 vs 5 Forward 
   Center                   Left Wing                Right Wing               Time % Phy DF OF 
 1 David Krejci             Claude Giroux            Nikita Kucherov          36     0   2  3  
 2 Mikael Backlund          Jonathan Audy-MarchessaulMatthew Boldy            31     0   2  3  
 3 Philip Tomasino          Nick Bonino              Owen Tippett             26     0   2  3  
 4 Mason McTavish           Noah Cates               Jake Evans               7      0   4  1  

5 vs 5 Defense 
   Defense                  Defense                                           Time % Phy DF OF 
 1 Drew Doughty             Gustav Forsling                                   36     0   2  3  
 2 Noah Dobson              Ben Chiarot                                       31     0   2  3  
 3 Brandon Carlo            Alex Goligoski                                    23     1   3  1  
 4 Brandon Carlo            Gustav Forsling                                   10     1   3  1  

PowerPlay Forward 
   Center                   Left Wing                Right Wing               Time % Phy DF OF 
 1 Claude Giroux            Matthew Boldy            Nikita Kucherov          55     0   0  5  
 2 David Krejci             Jonathan Audy-MarchessaulMikael Backlund          45     0   0  5  

PowerPlay Defense
   Defense                  Defense                                           Time % Phy DF OF 
 1 Drew Doughty             Noah Dobson                                       55     0   0  5  
 2 Gustav Forsling          Owen Tippett                                      45     0   0  5  

Penalty Kill 4 Players Forward 
   Center                   Wing                     Time % Phy DF OF 
 1 Mikael Backlund          Nick Bonino              55     0   5  0  
 2 Jake Evans               Noah Cates               45     0   5  0  

Penalty Kill 4 Players Defense
   Defense                  Defense                  Time % Phy DF OF 
 1 Brandon Carlo            Gustav Forsling          55     0   5  0  
 2 Drew Doughty             Ben Chiarot              45     0   5  0  

Penalty Kill - 3 Players Forward 
   Forward                                           Time % Phy DF OF 
 1 Mikael Backlund                                   55     0   5  0  
 2 Jake Evans                                        45     0   5  0  

Penalty Kill - 3 Players Defense
   Defense                  Defense                  Time % Phy DF OF 
 1 Drew Doughty             Gustav Forsling          55     0   5  0  
 2 Brandon Carlo            Ben Chiarot              45     0   5  0  

4 vs 4 Forward 
   Center                   Wing                     Time % Phy DF OF 
 1 Nikita Kucherov          Claude Giroux            55     1   2  2  
 2 David Krejci             Mikael Backlund          45     1   2  2  

4 vs 4 Defense
   Defense                  Defense                  Time % Phy DF OF 
 1 Drew Doughty             Gustav Forsling          55     1   2  2  
 2 Noah Dobson              Ben Chiarot              45     1   2  2  

Last Minutes Offensive
   Center                   Left Wing                Right Wing               Defense                  Defense                  
   Claude Giroux            Nick Bonino              Nikita Kucherov          Drew Doughty             Gustav Forsling          

Last Minutes Defensive
   Center                   Left Wing                Right Wing               Defense                  Defense                  
   Claude Giroux            Nick Bonino              Nikita Kucherov          Drew Doughty             Gustav Forsling          

Goaltenders
Starting : Carter Hart              
Backup : Daniel Vladar            

Extra Forwards
Normal : Matthew Boldy, Owen Tippett, Noah Cates - PP : Matthew Boldy, Owen Tippett - PK : Noah Cates
Extra Defensemen
Normal : Brandon Carlo, Alex Goligoski, Noah Dobson - PP : Brandon Carlo - PK : Alex Goligoski, Noah Dobson
Penalty Shots
Nikita Kucherov, Claude Giroux, David Krejci, Jonathan Audy-Marchessault, Matthew Boldy
Custom OT Lines Forwards
Nikita Kucherov, Claude Giroux, David Krejci, Mikael Backlund, Nick Bonino, Jake Evans, Jonathan Audy-Marchessault, Matthew Boldy, Owen Tippett, Noah Cates
Custom OT Lines Defensemen
Drew Doughty, Gustav Forsling, Noah Dobson, Ben Chiarot, Brandon Carlo

Scratches
Connor Brown (Healthy), Dylan Strome (Healthy)

% Time on Ice - KANSAS CITY KILLERBEES

Lines # - Real PCT - Wanted PCT - Time Play
Normal Forward
1 - 26% - 32% - 10:42
2 - 26% - 31% - 10:31
3 - 30% - 27% - 12:07
4 - 18% - 10% - 7:08
Normal Defense
1 - 31% - 36% - 12:28
2 - 29% - 34% - 11:39
3 - 33% - 22% - 13:17
4 - 8% - 8% - 3:04
PP Forward
1 - 40% - 55% - 3:57
2 - 60% - 45% - 5:59
PP Defense
1 - 67% - 55% - 6:39
2 - 33% - 45% - 3:17
PK Forward
1 - 65% - 55% - 4:58
2 - 35% - 45% - 2:39
PK Defense
1 - 47% - 55% - 3:34
2 - 53% - 45% - 4:03
PK3 Forward
1 - 0% - 55%
2 - 0% - 45%
PK3 Defense
1 - 0% - 55%
2 - 0% - 45%
44 Forward
1 - 88% - 55% - 1:45
2 - 12% - 45% - 0:14
44 Defense
1 - 80% - 55% - 1:35
2 - 20% - 45% - 0:24
Last Minute Offensive  - 0:00
Last Minute Defensive  - 0:00
Total
Forward - 60:00
Defense - 60:00

% Time on Ice - LOS ANGELES SEALS

Lines # - Real PCT - Wanted PCT - Time Play
Normal Forward
1 - 37% - 36% - 15:03
2 - 28% - 31% - 11:30
3 - 21% - 26% - 8:41
4 - 13% - 7% - 5:14
Normal Defense
1 - 38% - 36% - 15:16
2 - 32% - 31% - 13:09
3 - 28% - 23% - 11:17
4 - 2% - 10% - 0:46
PP Forward
1 - 55% - 55% - 4:10
2 - 45% - 45% - 3:27
PP Defense
1 - 58% - 55% - 4:26
2 - 42% - 45% - 3:11
PK Forward
1 - 54% - 55% - 5:22
2 - 46% - 45% - 4:34
PK Defense
1 - 48% - 55% - 4:46
2 - 52% - 45% - 5:10
PK3 Forward
1 - 0% - 55%
2 - 0% - 45%
PK3 Defense
1 - 0% - 55%
2 - 0% - 45%
44 Forward
1 - 68% - 55% - 1:21
2 - 32% - 45% - 0:38
44 Defense
1 - 68% - 55% - 1:21
2 - 32% - 45% - 0:38
Last Minute Offensive  - 0:00
Last Minute Defensive  - 0:00
Total
Forward - 60:00
Defense - 60:00

Play-by-Play

1st period


0:01 of 1st period - David Krejci wins face-off versus MacKenzie Entwistle in neutral zone.
0:03 of 1st period - Off-side.
0:04 of 1st period - Mikael Backlund wins face-off versus Tyler Johnson in neutral zone.
0:51 of 1st period - Shot by Mikael Backlund.
0:51 of 1st period - Shot Blocked by Jacob Muzzin.
1:29 of 1st period - Shot by Nikita Kucherov.
1:29 of 1st period - Goal by Nikita Kucherov - KANSAS CITY KILLERBEES : 0 - LOS ANGELES SEALS : 1.
1:30 of 1st period - Philip Tomasino wins face-off versus Morgan Barron in neutral zone.
1:39 of 1st period - Owen Tippett is hit by Will Butcher.
1:49 of 1st period - Shot by Morgan Barron.
1:49 of 1st period - Deflect By Jakub Voracek.
1:49 of 1st period - Shot Misses the Net.
1:52 of 1st period - Icing by Alex Goligoski.
1:53 of 1st period - MacKenzie Entwistle wins face-off versus Philip Tomasino in LOS ANGELES SEALS zone.
2:30 of 1st period - Icing by Ty Emberson.
2:31 of 1st period - David Krejci wins face-off versus MacKenzie Entwistle in KANSAS CITY KILLERBEES zone.
2:36 of 1st period - Shot by Claude Giroux.
2:36 of 1st period - Goal by Claude Giroux - KANSAS CITY KILLERBEES : 0 - LOS ANGELES SEALS : 2.
2:37 of 1st period - Mason McTavish wins face-off versus Morgan Barron in neutral zone.
4:11 of 1st period - Shot by Nikita Kucherov.
4:11 of 1st period - Stopped by Cal Petersen without a rebound.
4:12 of 1st period - MacKenzie Entwistle wins face-off versus Jonathan Audy-Marchessault in KANSAS CITY KILLERBEES zone.
5:20 of 1st period - Shot by Tyler Johnson.
5:20 of 1st period - Stopped by Carter Hart without a rebound.
5:21 of 1st period - David Krejci wins face-off versus Jaret Anderson-Dolan in LOS ANGELES SEALS zone.
5:28 of 1st period - Shot by Claude Giroux.
5:28 of 1st period - Stopped by Cal Petersen without a rebound.
5:29 of 1st period - Philip Tomasino wins face-off versus Morgan Barron in KANSAS CITY KILLERBEES zone.
6:42 of 1st period - Shot by Nikita Kucherov.
6:42 of 1st period - Stopped by Cal Petersen without a rebound.
6:43 of 1st period - Mikael Backlund wins face-off versus MacKenzie Entwistle in KANSAS CITY KILLERBEES zone.
6:43 of 1st period - Mikael Backlund is hit by Daniel Walcott.
6:46 of 1st period - Matthew Boldy is hit by Ty Emberson and loses puck.
6:47 of 1st period - Minor Penalty to Daniel Walcott for Slashing.
6:48 of 1st period - Claude Giroux wins face-off versus Alexis Lafreniere in KANSAS CITY KILLERBEES zone.
6:53 of 1st period - Shot by Claude Giroux.
6:53 of 1st period - Shot Blocked by Will Butcher.
6:55 of 1st period - Shot by Noah Dobson.
6:55 of 1st period - Goal by Noah Dobson - KANSAS CITY KILLERBEES : 0 - LOS ANGELES SEALS : 3.
6:56 of 1st period - Tyler Johnson wins face-off versus David Krejci in neutral zone.
6:58 of 1st period - Minor Penalty to Brandon Carlo for Tripping.
6:59 of 1st period - Mikael Backlund wins face-off versus Jakub Voracek in LOS ANGELES SEALS zone.
7:21 of 1st period - Shot by Mattias Ekholm.
7:21 of 1st period - Stopped by Carter Hart without a rebound.
7:22 of 1st period - Jake Evans wins face-off versus Morgan Barron in LOS ANGELES SEALS zone.
9:18 of 1st period - Shot by Claude Giroux.
9:18 of 1st period - Stopped by Cal Petersen without a rebound.
9:19 of 1st period - Jake Evans wins face-off versus Philipp Kurashev in KANSAS CITY KILLERBEES zone.
9:19 of 1st period - Jake Evans is hit by Will Butcher.
10:11 of 1st period - Mason McTavish is hit by Daniel Walcott and loses puck.
10:24 of 1st period - Shot by Nikita Kucherov.
10:24 of 1st period - Stopped by Cal Petersen without a rebound.
10:25 of 1st period - Mikael Backlund wins face-off versus Tyler Johnson in KANSAS CITY KILLERBEES zone.
10:28 of 1st period - Shot by Mikael Backlund.
10:28 of 1st period - Stopped by Cal Petersen with a rebound.
10:44 of 1st period - Shot by Jonathan Audy-Marchessault.
10:44 of 1st period - Deflect By Mikael Backlund.
10:44 of 1st period - Stopped by Cal Petersen without a rebound.
10:45 of 1st period - David Krejci wins face-off versus Morgan Barron in KANSAS CITY KILLERBEES zone.
11:01 of 1st period - Icing by Jakub Voracek.
11:02 of 1st period - Morgan Barron wins face-off versus Mikael Backlund in KANSAS CITY KILLERBEES zone.
11:02 of 1st period - Morgan Barron is hit by Matthew Boldy.
11:55 of 1st period - Minor Penalty to Matthew Boldy for Interference.
11:55 of 1st period - Minor Penalty to Will Butcher for Hooking.
11:56 of 1st period - Nikita Kucherov wins face-off versus Jakub Voracek in KANSAS CITY KILLERBEES zone.
12:14 of 1st period - Shot by Drew Doughty.
12:14 of 1st period - Stopped by Cal Petersen without a rebound.
12:15 of 1st period - James van Riemsdyk wins face-off versus Nikita Kucherov in KANSAS CITY KILLERBEES zone.
12:23 of 1st period - Off-side.
12:24 of 1st period - Nikita Kucherov wins face-off versus Jakub Voracek in neutral zone.
12:39 of 1st period - Shot by Claude Giroux.
12:39 of 1st period - Stopped by Cal Petersen with a rebound.
12:41 of 1st period - Shot by Claude Giroux.
12:41 of 1st period - Shot Misses the Net.
12:59 of 1st period - Shot by Claude Giroux.
12:59 of 1st period - Shot Misses the Net.
13:01 of 1st period - Shot by Gustav Forsling.
13:01 of 1st period - Shot Misses the Net.
13:30 of 1st period - Shot by David Krejci.
13:30 of 1st period - Shot Blocked by Philipp Kurashev.
13:32 of 1st period - Shot by David Krejci.
13:32 of 1st period - Shot Misses the Net.
13:41 of 1st period - Icing by Philipp Kurashev.
13:42 of 1st period - Jakub Voracek wins face-off versus David Krejci in KANSAS CITY KILLERBEES zone.
13:52 of 1st period - Icing by Noah Dobson.
13:53 of 1st period - David Krejci wins face-off versus James van Riemsdyk in LOS ANGELES SEALS zone.
14:25 of 1st period - Icing by Sean Walker.
14:26 of 1st period - David Krejci wins face-off versus Tyler Johnson in KANSAS CITY KILLERBEES zone.
14:39 of 1st period - Shot by David Krejci.
14:39 of 1st period - Stopped by Cal Petersen without a rebound.
14:40 of 1st period - Mikael Backlund wins face-off versus Jaret Anderson-Dolan in KANSAS CITY KILLERBEES zone.
14:41 of 1st period - Shot by Jonathan Audy-Marchessault.
14:41 of 1st period - Shot Misses the Net.
14:55 of 1st period - Shot by Jaret Anderson-Dolan.
14:55 of 1st period - Stopped by Carter Hart without a rebound.
14:56 of 1st period - David Krejci wins face-off versus MacKenzie Entwistle in LOS ANGELES SEALS zone.
15:12 of 1st period - Shot by James van Riemsdyk.
15:12 of 1st period - Stopped by Carter Hart without a rebound.
15:13 of 1st period - Tyler Johnson wins face-off versus Philip Tomasino in LOS ANGELES SEALS zone.
15:18 of 1st period - Shot by Nicholas Paul.
15:18 of 1st period - Stopped by Carter Hart with a rebound.
15:20 of 1st period - Shot by Tyler Johnson.
15:20 of 1st period - Stopped by Carter Hart without a rebound.
15:21 of 1st period - David Krejci wins face-off versus MacKenzie Entwistle in LOS ANGELES SEALS zone.
15:21 of 1st period - David Krejci is hit by MacKenzie Entwistle.
15:26 of 1st period - Icing by Nikita Kucherov.
15:27 of 1st period - David Krejci wins face-off versus MacKenzie Entwistle in LOS ANGELES SEALS zone.
15:27 of 1st period - David Krejci is hit by MacKenzie Entwistle.
15:40 of 1st period - Minor Penalty to MacKenzie Entwistle for Hooking.
15:41 of 1st period - Alexis Lafreniere wins face-off versus Nikita Kucherov in KANSAS CITY KILLERBEES zone.
16:06 of 1st period - Shot by Drew Doughty.
16:06 of 1st period - Stopped by Cal Petersen without a rebound.
16:07 of 1st period - James van Riemsdyk wins face-off versus David Krejci in KANSAS CITY KILLERBEES zone.
16:16 of 1st period - Shot by Owen Tippett.
16:16 of 1st period - Stopped by Cal Petersen without a rebound.
16:17 of 1st period - David Krejci wins face-off versus Alexis Lafreniere in KANSAS CITY KILLERBEES zone.
16:30 of 1st period - Shot by Drew Doughty.
16:30 of 1st period - Stopped by Cal Petersen without a rebound.
16:31 of 1st period - Claude Giroux wins face-off versus Alexis Lafreniere in KANSAS CITY KILLERBEES zone.
17:12 of 1st period - Shot by Claude Giroux.
17:12 of 1st period - Goal by Claude Giroux - KANSAS CITY KILLERBEES : 0 - LOS ANGELES SEALS : 4.
17:12 of 1st period - Ilya Samsonov enters game.
17:13 of 1st period - Mason McTavish wins face-off versus Morgan Barron in neutral zone.
18:13 of 1st period - Shot by Jaret Anderson-Dolan.
18:13 of 1st period - Shot Misses the Net.
19:13 of 1st period - Shot by Nikita Kucherov.
19:13 of 1st period - Shot Misses the Net.
19:15 of 1st period - Shot by Gustav Forsling.
19:15 of 1st period - Shot Blocked by Daniel Walcott.
19:24 of 1st period - Off-side.
19:25 of 1st period - Philipp Kurashev wins face-off versus Mikael Backlund in neutral zone.
19:27 of 1st period - Sean Walker is hit by Ben Chiarot and loses puck.
19:49 of 1st period - Shot by Matthew Boldy.
19:49 of 1st period - Goal by Matthew Boldy - KANSAS CITY KILLERBEES : 0 - LOS ANGELES SEALS : 5.
19:50 of 1st period - Philip Tomasino wins face-off versus Nicholas Paul in neutral zone.
19:50 of 1st period - Nick Bonino is hit by Nicholas Paul and loses puck.
Goals for this period are 0 for KANSAS CITY KILLERBEES vs 5 for LOS ANGELES SEALS.
Shots for this period are 6 for KANSAS CITY KILLERBEES vs 18 for LOS ANGELES SEALS.

2nd period


0:01 of 2nd period - David Krejci wins face-off versus Philipp Kurashev in neutral zone.
0:18 of 2nd period - Shot by Nikita Kucherov.
0:18 of 2nd period - Shot Blocked by MacKenzie Entwistle.
0:38 of 2nd period - Shot by Claude Giroux.
0:38 of 2nd period - Shot Misses the Net.
0:42 of 2nd period - Shot by David Krejci.
0:42 of 2nd period - Goal by David Krejci - KANSAS CITY KILLERBEES : 0 - LOS ANGELES SEALS : 6.
0:43 of 2nd period - Tyler Johnson wins face-off versus Philip Tomasino in neutral zone.
1:16 of 2nd period - Minor Penalty to Philip Tomasino for High sticking.
1:17 of 2nd period - Jakub Voracek wins face-off versus Mikael Backlund in LOS ANGELES SEALS zone.
2:22 of 2nd period - Icing by Sean Walker.
2:23 of 2nd period - Mikael Backlund wins face-off versus Morgan Barron in KANSAS CITY KILLERBEES zone.
3:37 of 2nd period - Shot by Nikita Kucherov.
3:37 of 2nd period - Shot Blocked by Daniel Walcott.
3:39 of 2nd period - Shot by Claude Giroux.
3:39 of 2nd period - Goal by Claude Giroux - KANSAS CITY KILLERBEES : 0 - LOS ANGELES SEALS : 7.
3:40 of 2nd period - Mikael Backlund wins face-off versus MacKenzie Entwistle in neutral zone.
4:11 of 2nd period - Icing by Mikael Backlund.
4:12 of 2nd period - Mikael Backlund wins face-off versus Tyler Johnson in LOS ANGELES SEALS zone.
5:56 of 2nd period - Noah Dobson is hit by Zach Aston-Reese and loses puck.
6:47 of 2nd period - Shot by Mason McTavish.
6:47 of 2nd period - Shot Misses the Net.
7:40 of 2nd period - Shot by Mikael Backlund.
7:40 of 2nd period - Shot Blocked by Mattias Ekholm.
7:42 of 2nd period - Shot by Brandon Carlo.
7:42 of 2nd period - Stopped by Ilya Samsonov without a rebound.
7:43 of 2nd period - David Krejci wins face-off versus Tyler Johnson in KANSAS CITY KILLERBEES zone.
7:56 of 2nd period - Shot by Nikita Kucherov.
7:56 of 2nd period - Shot Blocked by Tyler Johnson.
7:58 of 2nd period - Shot by Claude Giroux.
7:58 of 2nd period - Stopped by Ilya Samsonov without a rebound.
7:59 of 2nd period - Mikael Backlund wins face-off versus Jaret Anderson-Dolan in KANSAS CITY KILLERBEES zone.
8:22 of 2nd period - Shot by Jonathan Audy-Marchessault.
8:22 of 2nd period - Deflect By Matthew Boldy.
8:22 of 2nd period - Shot Misses the Net.
8:24 of 2nd period - Shot by Mikael Backlund.
8:24 of 2nd period - Stopped by Ilya Samsonov without a rebound.
8:25 of 2nd period - David Krejci wins face-off versus Tyler Johnson in KANSAS CITY KILLERBEES zone.
8:26 of 2nd period - Shot by Claude Giroux.
8:26 of 2nd period - Deflect By Nikita Kucherov.
8:26 of 2nd period - Shot Misses the Net.
8:38 of 2nd period - Shot by Tyler Johnson.
8:38 of 2nd period - Shot Misses the Net.
8:48 of 2nd period - Shot by Nicholas Paul.
8:48 of 2nd period - Shot Misses the Net.
8:50 of 2nd period - Shot by Nicholas Paul.
8:50 of 2nd period - Shot Misses the Net.
9:19 of 2nd period - Philipp Kurashev is hit by Gustav Forsling.
9:20 of 2nd period - Double Minor Penalty to Drew Doughty for Roughing.
9:21 of 2nd period - Mikael Backlund wins face-off versus Jakub Voracek in LOS ANGELES SEALS zone.
10:02 of 2nd period - Mattias Ekholm is hit by Jake Evans.
10:11 of 2nd period - Icing by Mattias Ekholm.
10:12 of 2nd period - Nick Bonino wins face-off versus Jakub Voracek in KANSAS CITY KILLERBEES zone.
10:18 of 2nd period - Nick Bonino is hit by Daniel Walcott and loses puck.
10:56 of 2nd period - Shot by James van Riemsdyk.
10:56 of 2nd period - Stopped by Carter Hart without a rebound.
10:57 of 2nd period - Mikael Backlund wins face-off versus Morgan Barron in LOS ANGELES SEALS zone.
12:44 of 2nd period - Icing by Mattias Ekholm.
12:45 of 2nd period - Mikael Backlund wins face-off versus Jaret Anderson-Dolan in KANSAS CITY KILLERBEES zone.
13:16 of 2nd period - Shot by James van Riemsdyk.
13:16 of 2nd period - Stopped by Carter Hart without a rebound.
13:17 of 2nd period - Nick Bonino wins face-off versus Jakub Voracek in LOS ANGELES SEALS zone.
13:50 of 2nd period - Shot by Nikita Kucherov.
13:50 of 2nd period - Deflect By Claude Giroux.
13:50 of 2nd period - Stopped by Ilya Samsonov with a rebound.
13:55 of 2nd period - Minor Penalty to Jacob Muzzin for Slashing.
13:56 of 2nd period - Mikael Backlund wins face-off versus Alexis Lafreniere in KANSAS CITY KILLERBEES zone.
14:11 of 2nd period - Shot by Jonathan Audy-Marchessault.
14:11 of 2nd period - Stopped by Ilya Samsonov without a rebound.
14:12 of 2nd period - Claude Giroux wins face-off versus James van Riemsdyk in KANSAS CITY KILLERBEES zone.
14:33 of 2nd period - Shot by Claude Giroux.
14:33 of 2nd period - Shot Misses the Net.
14:35 of 2nd period - Shot by Matthew Boldy.
14:35 of 2nd period - Shot Misses the Net.
14:37 of 2nd period - Shot by Nikita Kucherov.
14:37 of 2nd period - Stopped by Ilya Samsonov without a rebound.
14:38 of 2nd period - David Krejci wins face-off versus James van Riemsdyk in KANSAS CITY KILLERBEES zone.
14:51 of 2nd period - Shot by Owen Tippett.
14:51 of 2nd period - Stopped by Ilya Samsonov without a rebound.
14:52 of 2nd period - Alexis Lafreniere wins face-off versus Claude Giroux in KANSAS CITY KILLERBEES zone.
15:11 of 2nd period - Shot by Claude Giroux.
15:11 of 2nd period - Stopped by Ilya Samsonov without a rebound.
15:12 of 2nd period - Philipp Kurashev wins face-off versus David Krejci in KANSAS CITY KILLERBEES zone.
15:33 of 2nd period - Shot by Noah Dobson.
15:33 of 2nd period - Shot Blocked by Nicholas Paul.
15:50 of 2nd period - Shot by Drew Doughty.
15:50 of 2nd period - Stopped by Ilya Samsonov with a rebound.
16:06 of 2nd period - Shot by Owen Tippett.
16:06 of 2nd period - Shot Misses the Net.
16:28 of 2nd period - Shot by Philip Tomasino.
16:28 of 2nd period - Shot Blocked by Morgan Barron.
16:56 of 2nd period - Shot by Mason McTavish.
16:56 of 2nd period - Stopped by Ilya Samsonov without a rebound.
16:57 of 2nd period - Mikael Backlund wins face-off versus Tyler Johnson in KANSAS CITY KILLERBEES zone.
17:08 of 2nd period - Shot by Mikael Backlund.
17:08 of 2nd period - Shot Misses the Net.
17:10 of 2nd period - Shot by Jonathan Audy-Marchessault.
17:10 of 2nd period - Stopped by Ilya Samsonov with a rebound.
17:12 of 2nd period - Shot by Mikael Backlund.
17:12 of 2nd period - Shot Misses the Net.
18:00 of 2nd period - Shot by Claude Giroux.
18:00 of 2nd period - Shot Blocked by Alexis Lafreniere.
18:06 of 2nd period - Shot by Nikita Kucherov.
18:06 of 2nd period - Stopped by Ilya Samsonov with a rebound.
18:08 of 2nd period - Shot by David Krejci.
18:08 of 2nd period - Stopped by Ilya Samsonov without a rebound.
18:09 of 2nd period - MacKenzie Entwistle wins face-off versus Owen Tippett in KANSAS CITY KILLERBEES zone.
18:33 of 2nd period - Shot by Owen Tippett.
18:33 of 2nd period - Shot Misses the Net.
18:38 of 2nd period - Philip Tomasino is hit by Daniel Walcott and loses puck.
18:45 of 2nd period - Shot by Owen Tippett.
18:45 of 2nd period - Shot Blocked by Philipp Kurashev.
18:47 of 2nd period - Shot by Nick Bonino.
18:47 of 2nd period - Stopped by Ilya Samsonov without a rebound.
18:48 of 2nd period - David Krejci wins face-off versus Morgan Barron in KANSAS CITY KILLERBEES zone.
18:55 of 2nd period - Shot by Nikita Kucherov.
18:55 of 2nd period - Deflect By Claude Giroux.
18:55 of 2nd period - Stopped by Ilya Samsonov without a rebound.
18:56 of 2nd period - Mikael Backlund wins face-off versus Morgan Barron in KANSAS CITY KILLERBEES zone.
18:57 of 2nd period - Shot by Matthew Boldy.
18:57 of 2nd period - Stopped by Ilya Samsonov with a rebound.
18:59 of 2nd period - Shot by Matthew Boldy.
18:59 of 2nd period - Shot Misses the Net.
19:13 of 2nd period - Shot by Jonathan Audy-Marchessault.
19:13 of 2nd period - Deflect By Mikael Backlund.
19:13 of 2nd period - Stopped by Ilya Samsonov without a rebound.
19:14 of 2nd period - Jaret Anderson-Dolan wins face-off versus David Krejci in KANSAS CITY KILLERBEES zone.
19:14 of 2nd period - Jaret Anderson-Dolan is hit by David Krejci.
19:31 of 2nd period - Jaret Anderson-Dolan is hit by Ben Chiarot and loses puck.
Goals for this period are 0 for KANSAS CITY KILLERBEES vs 2 for LOS ANGELES SEALS.
Shots for this period are 2 for KANSAS CITY KILLERBEES vs 19 for LOS ANGELES SEALS.

3rd period


0:01 of 3rd period - Mikael Backlund wins face-off versus MacKenzie Entwistle in neutral zone.
1:50 of 3rd period - Minor Penalty to Owen Tippett for Slashing.
1:51 of 3rd period - Mikael Backlund wins face-off versus Jakub Voracek in LOS ANGELES SEALS zone.
2:26 of 3rd period - Shot by Morgan Barron.
2:26 of 3rd period - Shot Misses the Net.
2:28 of 3rd period - Shot by Nicholas Paul.
2:28 of 3rd period - Stopped by Carter Hart with a rebound.
3:37 of 3rd period - Shot by Mattias Ekholm.
3:37 of 3rd period - Shot Misses the Net.
3:47 of 3rd period - Shot by Mattias Ekholm.
3:47 of 3rd period - Shot Misses the Net.
3:49 of 3rd period - Shot by Mattias Ekholm.
3:49 of 3rd period - Shot Misses the Net.
4:40 of 3rd period - Shot by Owen Tippett.
4:40 of 3rd period - Stopped by Ilya Samsonov without a rebound.
4:41 of 3rd period - Mikael Backlund wins face-off versus Jaret Anderson-Dolan in KANSAS CITY KILLERBEES zone.
5:16 of 3rd period - Shot by Mikael Backlund.
5:16 of 3rd period - Stopped by Ilya Samsonov with a rebound.
5:18 of 3rd period - Shot by Mikael Backlund.
5:18 of 3rd period - Shot Blocked by Mattias Ekholm.
5:20 of 3rd period - Shot by Mikael Backlund.
5:20 of 3rd period - Shot Blocked by Mattias Ekholm.
5:22 of 3rd period - Shot by Matthew Boldy.
5:22 of 3rd period - Shot Misses the Net.
5:55 of 3rd period - Icing by Mattias Ekholm.
5:56 of 3rd period - David Krejci wins face-off versus Jaret Anderson-Dolan in KANSAS CITY KILLERBEES zone.
6:11 of 3rd period - Shot by Nikita Kucherov.
6:11 of 3rd period - Shot Misses the Net.
6:54 of 3rd period - Shot by Philipp Kurashev.
6:54 of 3rd period - Goal by Philipp Kurashev - KANSAS CITY KILLERBEES : 1 - LOS ANGELES SEALS : 7.
6:55 of 3rd period - Mikael Backlund wins face-off versus Tyler Johnson in neutral zone.
7:16 of 3rd period - Shot by Jonathan Audy-Marchessault.
7:16 of 3rd period - Shot Misses the Net.
7:32 of 3rd period - Shot by Mikael Backlund.
7:32 of 3rd period - Deflect By Jonathan Audy-Marchessault.
7:32 of 3rd period - Shot Blocked by Alexis Lafreniere.
7:54 of 3rd period - Shot by Nick Bonino.
7:54 of 3rd period - Stopped by Ilya Samsonov without a rebound.
7:55 of 3rd period - MacKenzie Entwistle wins face-off versus Philip Tomasino in KANSAS CITY KILLERBEES zone.
8:08 of 3rd period - Shot by James van Riemsdyk.
8:08 of 3rd period - Shot Blocked by Nick Bonino.
8:17 of 3rd period - Shot by James van Riemsdyk.
8:17 of 3rd period - Shot Misses the Net.
8:19 of 3rd period - Shot by MacKenzie Entwistle.
8:19 of 3rd period - Goal by MacKenzie Entwistle - KANSAS CITY KILLERBEES : 2 - LOS ANGELES SEALS : 7.
8:20 of 3rd period - Morgan Barron wins face-off versus David Krejci in neutral zone.
9:03 of 3rd period - Shot by Nikita Kucherov.
9:03 of 3rd period - Shot Misses the Net.
9:32 of 3rd period - Shot by Philip Tomasino.
9:32 of 3rd period - Goal by Philip Tomasino - KANSAS CITY KILLERBEES : 2 - LOS ANGELES SEALS : 8.
9:32 of 3rd period - Cal Petersen enters game.
9:33 of 3rd period - Mikael Backlund wins face-off versus Tyler Johnson in neutral zone.
9:50 of 3rd period - Shot by Matthew Boldy.
9:50 of 3rd period - Shot Misses the Net.
9:58 of 3rd period - Shot by Matthew Boldy.
9:58 of 3rd period - Stopped by Cal Petersen with a rebound.
10:00 of 3rd period - Shot by Mikael Backlund.
10:00 of 3rd period - Goal by Mikael Backlund - KANSAS CITY KILLERBEES : 2 - LOS ANGELES SEALS : 9.
10:01 of 3rd period - Philip Tomasino wins face-off versus Morgan Barron in neutral zone.
10:16 of 3rd period - Shot by Owen Tippett.
10:16 of 3rd period - Stopped by Cal Petersen without a rebound.
10:17 of 3rd period - Mikael Backlund wins face-off versus MacKenzie Entwistle in KANSAS CITY KILLERBEES zone.
10:39 of 3rd period - Shot by Jonathan Audy-Marchessault.
10:39 of 3rd period - Stopped by Cal Petersen with a rebound.
10:41 of 3rd period - Shot by Mikael Backlund.
10:41 of 3rd period - Shot Misses the Net.
10:44 of 3rd period - Mikael Backlund is hit by Ty Emberson.
11:32 of 3rd period - Shot by Nick Bonino.
11:32 of 3rd period - Stopped by Cal Petersen without a rebound.
11:33 of 3rd period - David Krejci wins face-off versus Morgan Barron in KANSAS CITY KILLERBEES zone.
11:46 of 3rd period - Shot by Nikita Kucherov.
11:46 of 3rd period - Shot Misses the Net.
11:48 of 3rd period - Shot by Brandon Carlo.
11:48 of 3rd period - Shot Blocked by Will Butcher.
12:10 of 3rd period - Shot by Claude Giroux.
12:10 of 3rd period - Stopped by Cal Petersen without a rebound.
12:11 of 3rd period - Tyler Johnson wins face-off versus Philip Tomasino in KANSAS CITY KILLERBEES zone.
12:31 of 3rd period - Shot by Nick Bonino.
12:31 of 3rd period - Stopped by Cal Petersen without a rebound.
12:32 of 3rd period - Mikael Backlund wins face-off versus Jaret Anderson-Dolan in KANSAS CITY KILLERBEES zone.
12:43 of 3rd period - Shot by Jonathan Audy-Marchessault.
12:43 of 3rd period - Stopped by Cal Petersen without a rebound.
12:44 of 3rd period - Tyler Johnson wins face-off versus David Krejci in KANSAS CITY KILLERBEES zone.
13:05 of 3rd period - Shot by Tyler Johnson.
13:05 of 3rd period - Shot Misses the Net.
13:20 of 3rd period - Minor Penalty to Alexis Lafreniere for Hooking.
13:21 of 3rd period - David Krejci wins face-off versus Zach Aston-Reese in KANSAS CITY KILLERBEES zone.
13:39 of 3rd period - Off-side.
13:40 of 3rd period - Claude Giroux wins face-off versus Zach Aston-Reese in neutral zone.
14:31 of 3rd period - Sean Walker is hit by Claude Giroux and loses puck.
14:46 of 3rd period - Shot by Mikael Backlund.
14:46 of 3rd period - Shot Misses the Net.
14:52 of 3rd period - Shot by Drew Doughty.
14:52 of 3rd period - Stopped by Cal Petersen without a rebound.
14:53 of 3rd period - David Krejci wins face-off versus James van Riemsdyk in KANSAS CITY KILLERBEES zone.
14:54 of 3rd period - Shot by Drew Doughty.
14:54 of 3rd period - Shot Blocked by Will Butcher.
15:00 of 3rd period - Shot by Noah Dobson.
15:00 of 3rd period - Shot Blocked by Mattias Ekholm.
15:32 of 3rd period - Icing by Brandon Carlo.
15:33 of 3rd period - Mason McTavish wins face-off versus Jaret Anderson-Dolan in LOS ANGELES SEALS zone.
15:40 of 3rd period - Shot by Noah Cates.
15:40 of 3rd period - Stopped by Cal Petersen with a rebound.
15:42 of 3rd period - Shot by Brandon Carlo.
15:42 of 3rd period - Stopped by Cal Petersen without a rebound.
15:43 of 3rd period - Mikael Backlund wins face-off versus Tyler Johnson in KANSAS CITY KILLERBEES zone.
16:03 of 3rd period - Mikael Backlund is hit by Mattias Ekholm and loses puck.
16:06 of 3rd period - Shot by Mikael Backlund.
16:06 of 3rd period - Stopped by Cal Petersen without a rebound.
16:06 of 3rd period - Minor Penalty to Mattias Ekholm for Tripping.
16:07 of 3rd period - Philipp Kurashev wins face-off versus Matthew Boldy in KANSAS CITY KILLERBEES zone.
16:46 of 3rd period - Shot by Noah Dobson.
16:46 of 3rd period - Shot Misses the Net.
17:10 of 3rd period - Shot by Gustav Forsling.
17:10 of 3rd period - Stopped by Cal Petersen without a rebound.
17:11 of 3rd period - Alexis Lafreniere wins face-off versus David Krejci in KANSAS CITY KILLERBEES zone.
17:28 of 3rd period - Shot by Owen Tippett.
17:28 of 3rd period - Deflect By Jonathan Audy-Marchessault.
17:28 of 3rd period - Stopped by Cal Petersen with a rebound.
17:42 of 3rd period - Shot by Mikael Backlund.
17:42 of 3rd period - Stopped by Cal Petersen without a rebound.
17:43 of 3rd period - Claude Giroux wins face-off versus Alexis Lafreniere in KANSAS CITY KILLERBEES zone.
17:49 of 3rd period - Shot by Nikita Kucherov.
17:49 of 3rd period - Shot Misses the Net.
18:21 of 3rd period - Jakub Voracek is hit by Brandon Carlo and loses puck.
18:32 of 3rd period - Morgan Barron is hit by Noah Cates and loses puck.
18:38 of 3rd period - Icing by Jakub Voracek.
18:39 of 3rd period - David Krejci wins face-off versus Morgan Barron in KANSAS CITY KILLERBEES zone.
18:42 of 3rd period - Shot by David Krejci.
18:42 of 3rd period - Shot Blocked by Zach Aston-Reese.
19:10 of 3rd period - Morgan Barron is hit by David Krejci and loses puck.
Goals for this period are 2 for KANSAS CITY KILLERBEES vs 2 for LOS ANGELES SEALS.
Shots for this period are 3 for KANSAS CITY KILLERBEES vs 19 for LOS ANGELES SEALS.


BLAKE
WHEELER
STEVEN
STAMKOS
DREW
DOUGHTY

EAST COAST

HOCKEY LEAGUE

  • 63.RHI2PIT5
  • 64.WOR4ATL3
  • 65.QUECHW
  • 66.CHATRV